TOP OF THE 1ST |
Casper Ghosts batting - Pitching for Athletic Club KC Academy : RHP Alfonso Álvarez
|
Pitching: RHP Alfonso Álvarez
|
|
Batting: RHB Warner Robinson
|
0-0: Ball 1-0: Foul Ball, location: 2F 1-1: Foul Ball, location: 2F 1-2: Ball 2-2: Foul Ball, location: 2F 2-2: Ball 3-2: Fly out, F9 (Flyball, 89D)
|
Batting: RHB Albert Morales
|
0-0: Foul Ball, location: 2F 0-1: Ball 1-1: Fly out, F8 (Line Drive, 8LXD)
|
Batting: RHB Juan García
|
0-0: Ball 1-0: Ball 2-0: Foul Ball, location: 2F 2-1: Ball 3-1: Fly out, F7 (Flyball, 78M)
|
Top of the 1st over - 0 run(s), 0 hit(s), 0 error(s), 0 left on base; Casper 0 - Athletic Club KC Academy 0 |
BOTTOM OF THE 1ST |
Athletic Club KC Academy batting - Pitching for Casper Ghosts : RHP Jim Unknown
|
Pitching: RHP Jim Unknown
|
|
Batting: RHB Bob Curry
|
0-0: Foul Ball, location: 2F 0-1: Ball 1-1: Swinging Strike 1-2: Strikes out swinging
|
Batting: LHB Greg Robinson
|
0-0: Ball 1-0: Foul Ball, location: 2F 1-1: Ball 2-1: Ball 3-1: Ground out U3 (Groundball, 3L)
|
Batting: LHB Thatcher Douglas
|
0-0: Swinging Strike 0-1: Ball 1-1: Fly out, F4 (Line Drive, 4)
|
Bottom of the 1st over - 0 run(s), 0 hit(s), 0 error(s), 0 left on base; Casper 0 - Athletic Club KC Academy 0 |
TOP OF THE 2ND |
Casper Ghosts batting - Pitching for Athletic Club KC Academy : RHP Alfonso Álvarez
|
Batting: LHB Terry Johnson
|
0-0: Ball 1-0: Ball 2-0: SOLO HOME RUN (Flyball, 8LXD), Distance : 442 ft
|
Batting: RHB Dave Young
|
0-0: Ball 1-0: Called Strike 1-1: Foul Ball, location: 2F 1-2: Foul Ball, location: 2F 1-2: Foul Ball, location: 2F 1-2: Ball 2-2: Foul Ball, location: 2F 2-2: Ball 3-2: Strikes out swinging
|
Batting: RHB Francisco Torres
|
0-0: Swinging Strike 0-1: Ball 1-1: Foul Ball, location: 2F 1-2: Ball 2-2: Ball 3-2: Base on Balls
|
Batting: LHB Jim Unknown
|
0-0: Foul Ball, location: 2F 0-1: Ball 1-1: Called Strike 1-2: Strikes out swinging
|
Batting: SHB José Juárez
|
0-0: Ball 1-0: Ball Wild Pitch! Francisco Torres to second 2-0: SINGLE (Groundball, 34) Francisco Torres to third Runner from 3rd tries for Home, throw and OUT!
|
Top of the 2nd over - 1 run(s), 2 hit(s), 0 error(s), 1 left on base; Casper 1 - Athletic Club KC Academy 0 |
BOTTOM OF THE 2ND |
Athletic Club KC Academy batting - Pitching for Casper Ghosts : RHP Jim Unknown
|
Batting: SHB Evan Adams
|
0-0: Swinging Strike 0-1: Ball 1-1: Ball 2-1: Ball 3-1: Fly out, F7 (Flyball, 7M)
|
Batting: LHB Matt Hartnett
|
0-0: Foul Ball, location: 2F 0-1: Fly out, F9 (Flyball, 9LD)
|
Batting: RHB Glenn Woods
|
0-0: Foul Ball, location: 2F 0-1: Ball 1-1: Ball Single, Error in OF, E7, batter to second base
|
Batting: SHB Clarence Teague
|
0-0: Swinging Strike 0-1: Ball 1-1: Fly out, F8 (Flyball, 8LD)
|
Bottom of the 2nd over - 0 run(s), 1 hit(s), 1 error(s), 1 left on base; Casper 1 - Athletic Club KC Academy 0 |
TOP OF THE 3RD |
Casper Ghosts batting - Pitching for Athletic Club KC Academy : RHP Alfonso Álvarez
|
Batting: RHB Austin Henderson
|
0-0: Ball 1-0: Foul Ball, location: 2F 1-1: Ball 2-1: Swinging Strike 2-2: Fly out, F7 (Flyball, 78M)
|
Batting: RHB Warner Robinson
|
0-0: Ball 1-0: Called Strike 1-1: Fly out, F7 (Flyball, 78D)
|
Batting: RHB Albert Morales
|
0-0: SINGLE (Groundball, 56)
|
Batting: RHB Juan García
|
0-0: Ball 1-0: Ball 2-0: Ground out 6-3 (Groundball, 6)
|
Top of the 3rd over - 0 run(s), 1 hit(s), 0 error(s), 1 left on base; Casper 1 - Athletic Club KC Academy 0 |
BOTTOM OF THE 3RD |
Athletic Club KC Academy batting - Pitching for Casper Ghosts : RHP Jim Unknown
|
Batting: SHB Don Holmes
|
0-0: Foul Ball, location: 2F 0-1: Ground out 4-3 (Groundball, 4)
|
Batting: RHB Jorge Rodríguez
|
0-0: Called Strike 0-1: Ball 1-1: Foul Ball, location: 2F 1-2: Ball 2-2: Fly out, F9 (Flyball, 9LS)
|
Batting: RHB Bob Curry
|
0-0: SINGLE (Flyball, 8RS)
|
Batting: LHB Greg Robinson
|
0-0: Called Strike 0-1: Foul Ball, location: 2F 0-2: Ball Bob Curry steals 2nd base 1-2: Ground out 4-3 (Groundball, 4M)
|
Bottom of the 3rd over - 0 run(s), 1 hit(s), 0 error(s), 1 left on base; Casper 1 - Athletic Club KC Academy 0 |
TOP OF THE 4TH |
Casper Ghosts batting - Pitching for Athletic Club KC Academy : RHP Alfonso Álvarez
|
Batting: LHB Terry Johnson
|
0-0: Ball 1-0: Called Strike 1-1: Ball 2-1: Called Strike 2-2: Foul Ball, location: 2F 2-2: Fly out, F9 (Flyball, 89M)
|
Batting: RHB Dave Young
|
0-0: Called Strike 0-1: Called Strike 0-2: Ball 1-2: Strikes out looking
|
Batting: RHB Francisco Torres
|
0-0: Ball 1-0: Fly out, F7 (Flyball, 78M)
|
Top of the 4th over - 0 run(s), 0 hit(s), 0 error(s), 0 left on base; Casper 1 - Athletic Club KC Academy 0 |
BOTTOM OF THE 4TH |
Athletic Club KC Academy batting - Pitching for Casper Ghosts : RHP Jim Unknown
|
Batting: LHB Thatcher Douglas
|
0-0: Swinging Strike 0-1: Called Strike 0-2: Ball 1-2: Fly out, F9 (Line Drive, 9M)
|
Batting: SHB Evan Adams
|
0-0: Fly out, F6 (Popup, 5D)
|
Batting: LHB Matt Hartnett
|
0-0: Called Strike 0-1: SOLO HOME RUN (Flyball, 9D), Distance : 386 ft
|
Batting: RHB Glenn Woods
|
0-0: Ball 1-0: Called Strike 1-1: Swinging Strike 1-2: Ball 2-2: Strikes out swinging
|
Bottom of the 4th over - 1 run(s), 1 hit(s), 0 error(s), 0 left on base; Casper 1 - Athletic Club KC Academy 1 |
TOP OF THE 5TH |
Casper Ghosts batting - Pitching for Athletic Club KC Academy : RHP Alfonso Álvarez
|
Batting: LHB Jim Unknown
|
0-0: Called Strike 0-1: Ball 1-1: Ball 2-1: Ball 3-1: Base on Balls
|
Batting: SHB José Juárez
|
0-0: Ball 1-0: Sac Bunt - play at first, batter OUT! 1-4 Jim Unknown to second
|
Batting: RHB Austin Henderson
|
0-0: Ball 1-0: Ball 2-0: Foul Ball, location: 2F 2-1: Called Strike 2-2: Foul Ball, location: 2F 2-2: Ground out 4-3 (Groundball, 4) Jim Unknown to third
|
Batting: RHB Warner Robinson
|
0-0: Ball 1-0: Fly out, F9 (Flyball, 9M)
|
Top of the 5th over - 0 run(s), 0 hit(s), 0 error(s), 1 left on base; Casper 1 - Athletic Club KC Academy 1 |
BOTTOM OF THE 5TH |
Athletic Club KC Academy batting - Pitching for Casper Ghosts : RHP Jim Unknown
|
Batting: SHB Clarence Teague
|
0-0: Ball 1-0: Ball 2-0: Called Strike 2-1: Ground out 5-3 (Groundball, 15S)
|
Batting: SHB Don Holmes
|
0-0: Called Strike 0-1: Fly out, F8 (Flyball, 8RM)
|
Batting: RHB Jorge Rodríguez
|
0-0: Ball 1-0: Ball 2-0: Ground out 6-3 (Groundball, 6M)
|
Bottom of the 5th over - 0 run(s), 0 hit(s), 0 error(s), 0 left on base; Casper 1 - Athletic Club KC Academy 1 |
TOP OF THE 6TH |
Casper Ghosts batting - Pitching for Athletic Club KC Academy : RHP Alfonso Álvarez
|
Batting: RHB Albert Morales
|
0-0: Foul Ball, location: 2F 0-1: Called Strike 0-2: Foul Ball, location: 2F 0-2: SINGLE (Line Drive, 4MD)
|
Batting: RHB Juan García
|
0-0: Ball 1-0: Called Strike 1-1: Ball 2-1: Foul Ball, location: 2F 2-2: Fly out, F9 (Flyball, 9M)
|
Batting: LHB Terry Johnson
|
0-0: Called Strike 0-1: Foul Ball, location: 2F 0-2: Ball 1-2: Strikes out swinging
|
Batting: RHB Dave Young
|
0-0: Called Strike 0-1: Fly out, F3 (Popup, 3)
|
Top of the 6th over - 0 run(s), 1 hit(s), 0 error(s), 1 left on base; Casper 1 - Athletic Club KC Academy 1 |
BOTTOM OF THE 6TH |
Athletic Club KC Academy batting - Pitching for Casper Ghosts : RHP Jim Unknown
|
Batting: RHB Bob Curry
|
0-0: Ball 1-0: Foul Ball, location: 2F 1-1: Ground out 6-3 (Groundball, 6)
|
Batting: LHB Greg Robinson
|
0-0: Ball 1-0: Called Strike 1-1: Fly out, F8 (Flyball, 8RM)
|
Batting: LHB Thatcher Douglas
|
0-0: Ball 1-0: Ground out 3-1 (Groundball, 34S)
|
Bottom of the 6th over - 0 run(s), 0 hit(s), 0 error(s), 0 left on base; Casper 1 - Athletic Club KC Academy 1 |
TOP OF THE 7TH |
Casper Ghosts batting - Pitching for Athletic Club KC Academy : RHP Alfonso Álvarez
|
Batting: RHB Francisco Torres
|
0-0: Ball 1-0: Fly out, F7 (Flyball, 7M)
|
Batting: LHB Jim Unknown
|
0-0: Ball 1-0: Ball 2-0: Called Strike 2-1: Foul Ball, location: 2F 2-2: Foul Ball, location: 2F 2-2: Ground out 4-3 (Groundball, 4)
|
Batting: SHB José Juárez
|
0-0: Ground out 6-3 (Groundball, 6M)
|
Top of the 7th over - 0 run(s), 0 hit(s), 0 error(s), 0 left on base; Casper 1 - Athletic Club KC Academy 1 |
BOTTOM OF THE 7TH |
Athletic Club KC Academy batting - Pitching for Casper Ghosts : RHP Jim Unknown
|
Batting: SHB Evan Adams
|
0-0: Called Strike 0-1: Ball 1-1: Ball 2-1: Ball 3-1: Foul Ball, location: 2F 3-2: Ground out 5-3 (Groundball, 5S)
|
Batting: LHB Matt Hartnett
|
0-0: Foul Ball, location: 2F 0-1: Ball 1-1: Foul Ball, location: 2F 1-2: Reached on error, E4 (Groundball, 4)
|
Batting: RHB Glenn Woods
|
0-0: Called Strike 0-1: Ball 1-1: Ball 2-1: Called Strike 2-2: Strikes out swinging
|
Batting: SHB Clarence Teague
|
0-0: DOUBLE (Line Drive, 9LS) Matt Hartnett to third Runner from 3rd tries for Home, SAFE, no throw or cutoff
|
Pinch Hitting: LHB Jim Unknown
|
0-0: Ball 1-0: Swinging Strike 1-1: SINGLE (Groundball, 4MD) Clarence Teague to third Runner from 3rd tries for Home, SAFE, no throw or cutoff
|
Batting: RHB Jorge Rodríguez
|
0-0: Ball 1-0: Ball 2-0: Foul Ball, location: 2F 2-1: Swinging Strike 2-2: Foul Ball, location: 2F 2-2: Ball 3-2: Fly out, F6 (Popup, 6MS)
|
Bottom of the 7th over - 2 run(s), 2 hit(s), 1 error(s), 1 left on base; Casper 1 - Athletic Club KC Academy 3 |
TOP OF THE 8TH |
Casper Ghosts batting - Pitching for Athletic Club KC Academy : RHP Alfonso Álvarez
|
Now at 1B: Jim Unknown
|
|
Batting: RHB Austin Henderson
|
0-0: Ground out 4-3 (Groundball, 4)
|
Batting: RHB Warner Robinson
|
0-0: SINGLE (Groundball, 4MD)
|
Batting: RHB Albert Morales
|
0-0: Ball 1-0: Called Strike 1-1: Ball 2-1: Fly out, F4 (Popup, 4M)
|
Batting: RHB Juan García
|
0-0: Hit by Pitch Warner Robinson to second
|
Pinch Hitting: SHB Alonso Rodríguez
|
0-0: Swinging Strike 0-1: Foul Ball, location: 2F 0-2: Ball 1-2: Ball 2-2: Ground out U3 (Groundball, 3)
|
Top of the 8th over - 0 run(s), 1 hit(s), 0 error(s), 2 left on base; Casper 1 - Athletic Club KC Academy 3 |
BOTTOM OF THE 8TH |
Athletic Club KC Academy batting - Pitching for Casper Ghosts : RHP Jim Unknown
|
Now in LF: Alonso Rodríguez
|
|
Batting: RHB Bob Curry
|
0-0: Ground out 6-3 (Groundball, 6)
|
Batting: LHB Greg Robinson
|
0-0: Called Strike 0-1: Called Strike 0-2: Ball 1-2: Foul Ball, location: 2F 1-2: Foul Ball, location: 2F 1-2: Strikes out swinging
|
Batting: LHB Thatcher Douglas
|
0-0: Foul Ball, location: 2F 0-1: Ball 1-1: Ball 2-1: Ground out 5-3 (Groundball, 5)
|
Bottom of the 8th over - 0 run(s), 0 hit(s), 0 error(s), 0 left on base; Casper 1 - Athletic Club KC Academy 3 |
TOP OF THE 9TH |
Casper Ghosts batting - Pitching for Athletic Club KC Academy : RHP Alfonso Álvarez
|
Pitching: LHP John McCord
|
|
Now in LF: António Montés
|
|
Batting: RHB Dave Young
|
0-0: Swinging Strike 0-1: Swinging Strike 0-2: Ball 1-2: Ball 2-2: Ball 3-2: Strikes out swinging
|
Batting: RHB Francisco Torres
|
0-0: Ball 1-0: Foul Ball, location: 2F 1-1: Foul Ball, location: 2F 1-2: Ball 2-2: Ball 3-2: Fly out, F8 (Flyball, 8LM)
|
Batting: LHB Jim Unknown
|
0-0: Ball 1-0: Ball 2-0: Ball 3-0: Base on Balls
|
Pinch Hitting: RHB Phil Baker
|
0-0: Fly out, F7 (Line Drive, 7M)
|
Top of the 9th over - 0 run(s), 0 hit(s), 0 error(s), 1 left on base; Casper 1 - Athletic Club KC Academy 3 |
|